 Dungeon Crawl Stone Soup version 0.29.1-15-g9cfb28693d (webtiles) character file.

Game seed: 4177190010102921348

5050 ChiefBigBeans the Tainter (level 10, 0/73 HPs)
             Began as a Merfolk Venom Mage on Feb 23, 2023.
             Was a Follower of Ru.
             Slain by a vampire mosquito (5 damage)
             ... on level 10 of the Dungeon.
             The game lasted 00:46:00 (10674 turns).

ChiefBigBeans the Tainter (Merfolk Venom Mage)     Turns: 10674, Time: 00:46:01

Health: 0/73       AC: 15    Str: 16    XL:     10   Next: 56%
Magic:  26/29      EV: 14    Int: 17    God:    Ru [*.....]
Gold:   218        SH:  0    Dex: 15    Spells: 16/23 levels left

rFire   + . .      SeeInvis +   v - +1 demon blade (elec)
rCold   . . .      Faith    .   (no shield)
rNeg    + . .      Spirit   .   c - +1 ring mail of the Minstrel {+Inv rF+ rN+ Slay-2 SInv}
rPois   .          Reflect  .   (no helmet)
rElec   .          Harm     .   w - +2 cloak {rCorr}
rCorr   +          Rampage  .   d - +2 pair of gloves
Will    .....                   n - +2 pair of boots
Stlth   +.........              j - amulet of regeneration
HPRegen 1.02/turn               r - +6 ring of strength
MPRegen 0.21/turn               s - ring of magical power

@: mighty, unable to read
A: inability to read after injury 2, (nimble swimmer 2), mertail, subdued magic
1, noise suppression
a: Renounce Religion, Evoke Invisibility


You were on level 10 of the Dungeon.
You worshipped Ru.
Ru was aware of your devotion.
You visited 2 branches of the dungeon, and saw 11 of its levels.

You collected 478 gold pieces.
You spent 260 gold pieces at shops.

Inventory:

Hand Weapons
 b - the +5 hand axe of Grandeur {venom, rPois rF+ rC+}
   (You found it on level 4 of the Dungeon)

   It poisons the flesh of those it strikes.
   rF:        It protects you from fire.
   rC:        It protects you from cold.
   rPois:     It protects you from poison.
 v - a +1 demon blade of electrocution (weapon)
Armour
 c - the +1 ring mail of the Minstrel (worn) {+Inv rF+ rN+ Slay-2 SInv}
   (You found it on level 5 of the Dungeon)

   Slay:      It affects your accuracy & damage with ranged weapons and melee
   (-2).
   rF:        It protects you from fire.
   rN:        It protects you from negative energy.
   SInv:      It lets you see invisible.
   +Inv:      It lets you turn invisible.
 d - a +2 pair of gloves (worn)
 n - a +2 pair of boots (worn)
 w - a +2 cloak of preservation (worn)
Jewellery
 j - an amulet of regeneration (around neck)
 r - a +6 ring of strength (left hand)
 s - a ring of magical power (right hand)
Wands
 g - a wand of charming (6)
 m - a wand of iceblast (16)
 x - a wand of flame (11)
Scrolls
 e - 5 scrolls of identify
 i - 3 scrolls of amnesia
 o - a scroll of silence
 p - 3 scrolls of fear
Potions
 a - 2 potions of curing
 f - 4 potions of might
 h - a potion of flight {unknown}
 q - 3 potions of brilliance
 t - a potion of magic
 u - a potion of cancellation
Miscellaneous
 y - a piece from Xom's chessboard (15/15)


   Skills:
 - Level 4.9 Fighting
 - Level 2.3(4.5) Short Blades
 * Level 6.0(6.2) Long Blades
 - Level 5.0 Axes
 + Level 7.9 Dodging
 - Level 2.1 Stealth
 + Level 7.0 Spellcasting
 - Level 1.3 Transmutations
 + Level 8.7 Poison Magic


You had 16 spell levels left.
You knew the following spells:

 Your Spells              Type           Power      Damage    Failure   Level
a - Sting                 Tmut/Pois      68%        1d6       1%          1
b - Poisonous Vapours     Pois/Air       32%        N/A       4%          2
c - Olgreb's Toxic Radia  Pois           27%        N/A       4%          4

Your spell library contained the following spells:

 Spells                   Type           Power      Damage    Failure   Level
 Mephitic Cloud           Conj/Pois/Air  12%        N/A       17%         3
 Magic Dart               Conj           16%        1d3       19%         1
 Call Imp                 Summ           4%         N/A       28%         2
 Frozen Ramparts          Ice            8%         1d2       50%         3
 Gell's Gravitas          Tloc           4%         N/A       50%         3
 Lesser Beckoning         Tloc           4%         N/A       50%         3
 Teleport Other           Tloc           4%         N/A       50%         3
 Tukima's Dance           Hex            4%         N/A       50%         3
 Ice Form                 Ice/Tmut       6%         N/A       83%         4
 Fulminant Prism          Conj/Hex       2%         3d6       89%         4
 Iskenderun's Mystic Bla  Conj/Tloc      4%         2d3       89%         4
 Passage of Golubria      Tloc           4%         N/A       89%         4
 Summon Ice Beast         Ice/Summ       4%         N/A       89%         4
 Lee's Rapid Deconstruct  Erth           2%         3d5*      99%         5
 Yara's Violent Unravell  Hex/Tmut       3%         3d4       99%         5


Dungeon Overview and Level Annotations

Branches:
Dungeon (10/15)            Temple (1/1) D:7
   Lair: D:8-11         Orc: D:9-12

Altars:
Ashenzari
Cheibriados
Dithmenos
Elyvilon
Fedhas
Gozag
Hepliaklqana
Kikubaaqudgha
Makhleb
Nemelex Xobeh
Okawaru
Qazlal
Ru
Sif Muna
Trog
Uskayaw
Vehumet
Wu Jian
Xom
Yredelemnul
Zin
The Shining One

Shops:
D:6 =   D:7 [


Innate Abilities, Weirdness & Mutations

You sometimes lose the ability to read scrolls when taking damage.
((You are very nimble when in or above water. (Stealth+, EV+, Speed+++)))
Your lower body shifts to a powerful aquatic tail in water.
Your spells are a little easier to cast, but a little less powerful.
You passively dampen the noise of your surroundings.


Message History

The vampire mosquito bites you but does no damage.
The vampire mosquito bites you.
You are too injured to fight recklessly!
Casting: Olgreb's Toxic Radiance (dangerous; 4% risk of failure)
Press: ? - help, Q - select action, (/) - cycle Dir - look around, f - activate You begin to radiate toxic energy.
The vampire mosquito bites you.
The vampire mosquito draws strength from your injuries!
The vampire mosquito misses you. The gargoyle barely misses you.
The vampire mosquito closely misses you.
The vampire mosquito barely misses you.
You feel mightier all of a sudden.
Your toxic aura wanes.
The vampire mosquito bites you.
The vampire mosquito draws strength from your injuries!
The vampire mosquito completely misses you.
The gargoyle barely misses you.
The vampire mosquito bites you but does no damage.
The vampire mosquito closely misses you.
You barely miss the gargoyle.
The gargoyle is heavily damaged.
The vampire mosquito bites you but does no damage.
The vampire mosquito barely misses you. The gargoyle closely misses you.
You hit the gargoyle but do no damage.
The gargoyle is heavily damaged.
The vampire mosquito bites you but does no damage. x2
The gargoyle barely misses you. The vampire mosquito bites you.
The vampire mosquito draws strength from your injuries!
The vampire mosquito closely misses you.
You barely miss the gargoyle.
The gargoyle is heavily damaged.
The vampire mosquito closely misses you.
The vampire mosquito bites you but does no damage.
The gargoyle hurls a stone arrow at you.
The stone arrow hits you!
* * * LOW HITPOINT WARNING * * *
The vampire mosquito bites you.
* * * LOW HITPOINT WARNING * * *
The vampire mosquito draws strength from your injuries!
The vampire mosquito bites you.
You die...

#...
#..
#..
#..
#.#
#.#
##.#
#yy#
#.@#
##9..#
#...#
#.$.#
###.#
.. ###


You could see 2 vampire mosquitoes and a gargoyle.

Vanquished Creatures
  Erica (D:9)
  Pikel (D:9)
  A cyclops (D:9)
  Joseph (D:7)
  A wraith (D:9)
  A wyvern (D:7)
  Eustachio (D:5)
  4 yaks (D:9)
  Menkaure (D:4)
  2 orc warriors
  An ice beast (D:5)
  A sky beast (D:7)
  A black bear (D:7)
  2 ogres (D:6)
  A centaur (D:8)
  4 bullfrogs
  Blork the orc (D:4)
  2 necrophages (D:6)
  6 wights (D:8)
  2 howler monkeys (D:9)
  2 jellies
  A gnoll bouda (D:9)
  Crazy Yiuf (D:5)
  4 hounds
  5 orc priests
  2 iguanas
  4 orc wizards
  4 gnolls (D:9)
  7 adders
  An ufetubus (D:6)
  24 orcs
  7 endoplasms
  3 giant cockroaches
  6 goblins
  8 hobgoblins
  2 jackals (D:4)
  2 quokkas
  8 ball pythons
  4 bats
  3 frilled lizards
  6 kobolds
  3 rats
142 creatures vanquished.

Notes
Turn   | Place    | Note
-------+----------+-------------------------------------------
     0 | D:1      | ChiefBigBeans the Merfolk Venom Mage began the quest for
                  | the Orb.
     0 | D:1      | Reached XP level 1. HP: 13/13 MP: 3/3
   305 | D:1      | Reached XP level 2. HP: 13/20 MP: 1/5
   777 | D:1      | Reached skill level 1 in Fighting
  1062 | D:1      | Reached skill level 1 in Short Blades
  1110 | D:1      | Learned a level 1 spell: Sting
  1113 | D:1      | Learned a level 2 spell: Poisonous Vapours
  1498 | D:2      | Reached XP level 3. HP: 7/26 MP: 2/6
  2545 | D:2      | Found a faded altar of an unknown god.
  3054 | D:3      | Gained mutation: Your spells are a little easier to cast,
                  | but a little less powerful. [potion of mutation]
  3054 | D:3      | Gained mutation: You passively dampen the noise of your
                  | surroundings. [potion of mutation]
  3384 | D:3      | Found an ancient bone altar of Kikubaaqudgha.
  3724 | D:4      | Reached skill level 4 in Poison Magic
  3724 | D:4      | Reached XP level 4. HP: 33/33 MP: 1/8
  4060 | D:4      | Reached XP level 5. HP: 21/39 MP: 2/9
  4105 | D:4      | Identified the +5 hand axe of Grandeur {venom, rPois rF+
                  | rC+}
  4315 | D:4      | Noticed Blork the orc
  4324 | D:4      | Killed Blork the orc
  4325 | D:4      | Reached skill level 1 in Axes
  4325 | D:4      | Reached XP level 6. HP: 29/46 MP: 0/10
  4691 | D:4      | Noticed Menkaure
  4695 | D:4      | Killed Menkaure
  4810 | D:5      | Entered Level 5 of the Dungeon
  5160 | D:5      | Reached XP level 7. HP: 41/52 MP: 7/12
  5165 | D:5      | Reached skill level 5 in Poison Magic
  5297 | D:5      | Noticed Eustachio
  5309 | D:5      | Killed Eustachio
  5327 | D:5      | Identified the +1 ring mail of the Minstrel {+Inv rF+ rN+
                  | Slay-2 SInv}
  5707 | D:5      | Found a runed translucent door.
  5708 | D:5      | Noticed Crazy Yiuf
  5804 | D:5      | Killed Crazy Yiuf
  6166 | D:5      | Reached XP level 8. HP: 61/61 MP: 2/14
  6403 | D:6      | Reached skill level 6 in Poison Magic
  6496 | D:6      | Found Ruhammi's Jewellery Shoppe.
  6502 | D:6      | Bought a ring of magical power for 260 gold pieces
  7396 | D:7      | Noticed Joseph
  7422 | D:7      | Killed Joseph
  7423 | D:7      | Reached skill level 5 in Spellcasting
  7503 | D:7      | Found a staircase to the Ecumenical Temple.
  7512 | Temple   | Entered the Ecumenical Temple
  7919 | Temple   | Became a worshipper of Ru the Awakened
  7999 | D:7      | Noticed a wyvern
  8012 | D:7      | Killed a wyvern
  8013 | D:7      | Reached XP level 9. HP: 39/67 MP: 17/17
  8018 | D:7      | Learned a level 4 spell: Olgreb's Toxic Radiance
  8056 | D:7      | Reached skill level 7 in Poison Magic
  8064 | D:7      | Reached skill level 5 in Dodging
  8196 | D:7      | Found an ornate altar of the Wu Jian Council.
  8414 | D:7      | Found Xuhesk's Antique Armour Emporium.
  9022 | D:8      | Gained mutation: You occasionally lose the ability to read
                  | scrolls when taking damage. [Ru sacrifice]
  9022 | D:8      | Gained mutation: You sometimes lose the ability to read
                  | scrolls when taking damage. [Ru sacrifice]
  9022 | D:8      | Reached * piety under Ru
  9127 | D:8      | Reached skill level 5 in Axes
  9415 | D:8      | Found a broken altar of Ashenzari.
  9461 | D:8      | Found a white marble altar of Elyvilon.
  9461 | D:8      | Found a snail-covered altar of Cheibriados.
  9800 | D:9      | Noticed Pikel
  9818 | D:9      | Killed Pikel
  9819 | D:9      | Reached skill level 8 in Poison Magic
  9834 | D:9      | Reached XP level 10. HP: 73/73 MP: 18/19
  9996 | D:9      | Noticed Erica
 10014 | D:9      | Killed Erica
 10015 | D:9      | Reached skill level 5 in Long Blades
 10084 | D:9      | Noticed a cyclops
 10098 | D:9      | Killed a cyclops
 10654 | D:10     | Entered Level 10 of the Dungeon
 10654 | D:10     | Noticed a gargoyle
 10674 | D:10     | Slain by a vampire mosquito

Illustrated notes

Levels and vault maps discovered:
D:1:      shiori_arrival_elements, layout_basic
D:2:      layout_basic, chequers_ecumenical_altar_simple
D:3:      layout_rooms, amcnicky_altar_gilded
D:4:      layout_basic, uniq_blork_the_orc, uniq_menkaure
D:5:      layout_basic, uniq_eustachio, uniq_crazy_yiuf_cottage
D:6:      layout_gridville, serial_shops, nicolae_diamond_shop,
          minmay_fountain_box, st_stairs_11, roderic_serpentine_path
D:7:      layout_basic, nicolae_wu_jian_wuxing_cycle,
          minmay_temple_entry_large_hall, serial_shops, shop_fountains,
          enter_bailey_8, uniq_joseph
D:8:      layout_cave_pods, grunt_ashenzari_visionary
          [grunt_ashenzari_visionary_shoals, grunt_ashenzari_visionary_spider],
          gammafunk_temple_overflow_statue
D:9:      layout_loops_ring, small_chamber_with_monster, uniq_pikel, uniq_erica
D:10:     minmay_the_grid_4x2 [minmay_the_grid_slots, minmay_the_grid_mess,
          minmay_the_grid_tri_star, minmay_the_grid_plusring,
          minmay_the_grid_zigzag_pyramid, minmay_the_grid_embedded,
          minmay_the_grid_expand, minmay_the_grid_prize_big_room], layout_rooms,
          lemuel_flamethrower_1
Temple:   minmay_temple_bridge_d

Skill      XL: |  1  2  3  4  5  6  7  8  9 10 |
---------------+-------------------------------+-----
Fighting       | 1 2 3 4 |  4.9
Short Blades   | 1 2 |  2.3
Poison Magic   | 4 5 6 8 |  8.7
Spellcasting   | 3 4 5 6 7 |  7.0
Axes           | 1 2 3 4 5 |  5.0
Dodging        | 4 6 7 |  7.9
Long Blades    | 3 6 |  6.0
Stealth        | |  2.1
Transmutations | |  1.3

Action                   |  1- 3 |  4- 6 |  7- 9 | 10-12 || total
-------------------------+-------+-------+-------+-------++-------
Melee: Short sword       |    66 |    22 |       |       ||    88
       Punch             |     3 |     1 |     2 |     2 ||     8
       Hand axe          |       |    30 |   205 |       ||   235
       Demon blade       |       |       |    20 |    87 ||   107
 Cast: Sting             |    15 |       |       |       ||    15
       Poisonous Vapours |    25 |    28 |    85 |    20 ||   158
       Olgreb's Toxic Ra |       |       |       |     1 ||     1
Invok: Sacrifice Words   |       |       |     1 |       ||     1
Evoke: Wand              |       |     4 |       |       ||     4
  Use: Scroll            |     5 |     2 |     8 |       ||    15
       Potion            |     3 |     1 |     6 |     5 ||    15
 Stab: Sleeping          |       |     1 |       |       ||     1
Armor: Robe              |     5 |       |       |       ||     5
       Leather armour    |     4 |    19 |    15 |       ||    38
       Ring mail         |       |       |    96 |    42 ||   138
Dodge: Dodged            |    60 |    44 |   151 |    94 ||   349
